Map: 에버 드림 - 래더

Players

Zest - Winner!

  • Race: Protoss Protoss
  • Spawn Location: 7:00

Lambo

  • Race: Zerg Zerg
  • Spawn Location: 1:00

Event: StayAtHomestory Cup #2

VOD

Have the link to the VOD?

Description

Time

  • Played on: June 11, 2020, 7:04 a.m.
  • Length: 5:18

All games in this series

Show
View Real Time Build Order
Export as new Build Order

Zest Protoss - Winner!

Build Orders: 1 Gate Expand, Mass Adepts 

Get SALT Encoding   

  12  0:01  Probe  
  13  0:13  Probe  
  14  0:19  Pylon  
  14  0:25  Probe  
  15  0:33  Probe  
  15  0:40  Gateway  
  15  0:41  Probe  
  16  0:49  Assimilator  
  17  0:51  Probe  
  18  1:03  Probe  
  19  1:15  Probe  
  20  1:25  Nexus  
  20  1:34  Cybernetics Core  
  20  1:38  Probe  
  21  1:43  Assimilator  
  21  1:50  Probe  
  21  1:52  Pylon  
  22  1:59  Probe  
  22  2:01  Adept  
  22  2:07  Probe  
  23  2:11  Warp Gate  
  26  2:16  Probe  
  27  2:24  Twilight Council, Stalker  
  27  2:29  Probe  
  30  2:37  Probe  
  30  2:41  Probe  
  32  2:49  Probe  
  32  2:50  Robotics Facility  
  33  2:52  Resonating Glaives  
  33  2:53  Probe  
  34  3:06  Gateway  
  34  3:12  Adept  
  36  3:13  Probe x2  
  38  3:26  Warp Prism  
  38  3:27  Gateway  
  38  3:28  Gateway  
  40  3:41  Pylon  
  40  3:43  Probe  
  40  3:45  Probe  
  42  3:51  Pylon  
  42  3:59  Probe  
  42  4:00  Adept x2, Probe  
  48  4:06  Pylon  
  48  4:12  Probe x2  
  50  4:22  Adept x3  
  50  4:23  Adept  
  58  4:27  Assimilator  
  58  4:30  Observer  
  59  4:40  Probe x2  
  59  4:43  Adept x4  
  69  4:52  Pylon  
  69  4:54  Pylon  
  69  5:04  Probe  
  70  5:11  Zealot  
  70  5:12  Adept x3  
  79  5:18  Assimilator  
Show
View Real Time Build Order
Export as new Build Order

Lambo Zerg 

Build Orders: Hatch First 

Get SALT Encoding   

  12  0:01  Drone  
  13  0:12  Overlord  
  13  0:17  Drone  
  14  0:31  Drone x2  
  16  0:48  Hatchery  
  15  0:52  Drone  
  15  0:55  Drone  
  17  0:58  Drone  
  18  1:09  Extractor  
  17  1:13  Spawning Pool  
  17  1:16  Drone  
  17  1:20  Drone  
  18  1:29  Drone  
  19  1:43  Drone  
  20  1:54  Overlord  
  20  2:00  Queen x2  
  25  2:01  Zergling x4  
  26  2:11  Drone x2  
  26  2:13  Metabolic Boost  
  28  2:23  Drone  
  28  2:24  Drone  
  30  2:39  Hatchery  
  30  2:42  Drone  
  30  2:45  Drone  
  30  2:46  Zergling x2  
  30  2:50  Drone  
  33  2:53  Queen  
  33  2:58  Drone  
  35  3:08  Drone  
  35  3:09  Overlord  
  35  3:10  Overlord  
  36  3:28  Drone x5  
  36  3:33  Queen, Drone  
  44  3:37  Drone  
  45  3:41  Overlord  
  45  3:48  Drone  
  46  3:53  Drone x3  
  46  3:54  Queen  
  51  4:00  Drone x2  
  51  4:02  Roach Warren  
  52  4:06  Drone x2  
  52  4:07  Drone  
  52  4:08  Drone  
  56  4:11  Zergling x4  
  56  4:15  Zergling x4, Spore Crawler  
  56  4:17  Spore Crawler  
  58  4:20  Zergling x2  
  58  4:23  Zergling x2  
  59  4:27  Zergling x2  
  59  4:29  Zergling x2  
  61  4:34  Overlord  
  61  4:36  Zergling x8  
  61  4:37  Overlord  
  65  4:39  Overlord  
  65  4:40  Overlord  
  65  4:42  Overlord  
  65  4:45  Overlord  
  65  4:53  Roach x4  
  65  4:57  Roach  
Tags
 
Add a new tag
Caveats
  • Supply blocks, unpowered buildings, or Contaminate may cause inaccurate times.
  • Supply counts are checked every 10 seconds.